[Event "Championnat du monde jeunes U10"]
[Date "2024.11.15"]
[White "Sameh Mohamed, Abdalrahman"]
[Black "Ostapenko, Volodymyr"]
[WhiteElo "2238"]
[BlackElo "1720"]
[Round "1.1"]
[Result "1-0"]
[TimeControl "5400+30"]

1. d4 d5 2. e4 dxe4 3. Nc3 Bf5 4. f3 Nf6 5. Bg5 c5 6. d5 exf3 7. Qxf3 Bg4 8. Qg3 Qd6 9. Bf4 Qd8 10. Bb5+ Bd7 11. O-O-O Bxb5 12. Nxb5 Nh5 13. Qf3 Nxf4 14. Qxf4 Na6 15. Qa4 Qd7 16. Nf3 f6 17. Rhe1 Kf7 18. Qc4 g6 19. d6+ e6 20. Nc7 Bh6+ 21. Kb1 Nxc7 22. dxc7 Qc6 23. Rxe6 Qxe6 24. Rd7+ 1-0

[Variant "Standard"]
[Site "Europe Echecs"]

[Event "Championnat du monde jeunes U10"]
[Date "2024.11.15"]
[White "Sahin, Yusuf Kerem"]
[Black "Shogdzhiev, Roman"]
[WhiteElo "1720"]
[BlackElo "2202"]
[Round "1.2"]
[Result "0-1"]
[TimeControl "5400+30"]

1. d4 d5 2. c4 c6 3. Nf3 Nf6 4. e3 Bf5 5. cxd5 cxd5 6. Nc3 e6 7. Ne5 Nbd7 8. g4 Bg6 9. h4 h5 10. Nxg6 fxg6 11. g5 Ng8 12. Qc2 Kf7 13. Bh3 Ne7 14. Bd2 Nf5 15. Qd3 Nb6 16. Ne2 Bd6 17. e4 dxe4 18. Qxe4 Qd7 19. Nc3 Bb4 20. O-O-O Bxc3 21. Bxc3 Nd5 22. Rd3 Qc6 23. Re1 Nb4 24. Qxc6 Nxd3+ 25. Kd2 bxc6 26. Kxd3 Rad8 27. Re5 Rd5 28.
Bxf5 Rxe5 29. dxe5 exf5 30. Kd4 Rd8+ 31. Kc5 Rd1 32. Kxc6 Ke6 33. a4 Rh1 34. Kb7 Rxh4 35. a5 Ra4 36. Kxa7 h4 37. b4 h3 38. b5 h2 39. b6 h1=Q 40. b7 Qd5 41. b8=Q Rxa5+ 42. Bxa5 Qxa5+ 43. Kb7 Qb5+ 44. Ka7 Qxb8+ 45. Kxb8 Kxe5 46. Kc7 Kf4 47. Kd6 Kxg5 48. Ke6 f4 49. Kf7 Kf5 50. Kxg7 g5 51. Kh6 g4 52. Kh5 g3 0-1

[Variant "Standard"]
[Site "Europe Echecs"]

[Event "Championnat du monde jeunes U10"]
[Date "2024.11.15"]
[White "Llari, Marc"]
[Black "Aguike, Toshiya"]
[WhiteElo "2201"]
[BlackElo "1716"]
[Round "1.3"]
[Result "1-0"]
[TimeControl "5400+30"]

1. e4 e5 2. Nf3 Nc6 3. Bb5 a6 4. Ba4 Nf6 5. O-O b5 6. Bb3 Be7 7. Re1 d6 8. c3 Bg4 9. h3 Bxf3 10. Qxf3 O-O 11. d3 Qd7 12. Nd2 Rad8 13. a4 h6 14. axb5 axb5 15. Nf1 d5 16. exd5 Nxd5 17. Ng3 b4 18. Nf5 Bg5 19. Bxg5 hxg5 20. Bxd5 Qxd5 21. Qh5 Qe6 22. Qxg5 Qg6 23. Ne7+ Nxe7 24. Qxe7 bxc3 25. bxc3 c6 26. Rxe5 Qxd3 27. Re3 Qd2 28. Ra7 Qd5 29. Rc7 Rc8 30. Rd7 Qf5 31. Rf3 Qh5 32. Qd6 c5 33. Kh2 c4 34. Qd4 Qh7 35. Rfxf7 Rxf7 36. Rxf7 Kxf7 37.
Qd7+ Kf6 38. Qxc8 Qd3 39. Qf8+ Kg6 40.
Qf3 Qxf3 41. gxf3 Kf5 42. Kg3 g5 43. f4 gxf4+ 44. Kf3 Ke5 45. h4 Kf5 46. h5 1-0

[Variant "Standard"]
[Site "Europe Echecs"]

[Event "Championnat du monde jeunes U10"]
[Date "2024.11.15"]
[White "Yevsieiev, Yaroslav"]
[Black "Annapureddy, Rheyansh Reddy"]
[WhiteElo "1706"]
[BlackElo "2122"]
[Round "1.4"]
[Result "0-1"]
[TimeControl "5400+30"]

1. e4 c5 2. Nf3 Nc6 3. b4 cxb4 4. d4 e6 5. d5 Qf6 6. c3 bxc3 7. Na3 exd5 8. exd5 Bxa3 9. Bxa3 c2 10. Qc1 Qc3+ 11. Nd2 Qe5+ 12. Be2 Nd4 13. Kf1 Qxe2+ 14. Kg1 Qd3 15. Qe1+ Kd8 16. Qe3 Ne2+ 17. Kf1 c1=Q+ 18. Bxc1 Nxc1+ 0-1

[Variant "Standard"]
[Site "Europe Echecs"]

[Event "Championnat du monde jeunes U10"]
[Date "2024.11.15"]
[White "Zuo, Junyu"]
[Black "von Flottwell, Lionel"]
[WhiteElo "2120"]
[BlackElo "1704"]
[Round "1.5"]
[Result "1-0"]
[TimeControl "5400+30"]

1. e4 e5 2. Bc4 Nc6 3. d3 Nf6 4. Nf3 Bc5 5. c3 a6 6. O-O d6 7. a4 Ba7 8. Nbd2 h6 9. Re1 g5 10. Nf1 Nh7 11. Be3 h5 12. Bxa7 Nxa7 13. d4 f6 14. dxe5 fxe5 15. Nxe5 g4 16. Nf7 Qf6 17. Nxh8 Ng5 18. e5 dxe5 19. Qd5 Ne6 20. Qxe5 Qxe5 21.
Rxe5 Nc6 22. Re2 Nd8 23. Ng6 Kf7 24. Nf4 h4 25. Rae1 b5 26. Bxe6+ Nxe6 27. Nxe6 h3 28. Nxc7 Ra7 29. Re7+ Kg6 30. gxh3 gxh3 31. Nd5 Ra8 32. Nb6 Rb8 33. Nxc8 Rxc8 34. R1e6+ Kf5 35. axb5 axb5 36. Ng3+ Kg5 37. Rg7+ Kf4 38. Re4+ Kf3 39. Rf7# 1-0

[Variant "Standard"]
[Site "Europe Echecs"]

[Event "Championnat du monde jeunes U10"]
[Date "2024.11.15"]
[White "Schettini Acuna, Massimo Matteo"]
[Black "Kolodziejczyk, Boris"]
[WhiteElo "1703"]
[BlackElo "2115"]
[Round "1.6"]
[Result "1/2-1/2"]
[TimeControl "5400+30"]

1. e4 c5 2. Nf3 Nc6 3. d4 cxd4 4. Nxd4 Nf6 5. Nc3 e5 6. Ndb5 d6 7. Bg5 a6 8. Na3 b5 9. Nd5 Be7 10. Bxf6 Bxf6 11. c3 Ne7 12. Nxf6+ gxf6 13. g3 Bb7 14. Bg2 f5 15. f3 Qb6 16. Qe2 O-O-O 17. exf5 Kb8 18. Bh3 Bc8 19. f6 Nd5 20. Bxc8 Rxc8 21. Nc2 Nxf6 22. O-O-O Rhd8 23. Rd2 a5 24. Kb1 b4 25. cxb4 axb4 26. Qe3 Rc5 27. Qg5 Ne8 28. Nxb4 f6 29. Qh4 d5 30. Nd3 Rc4 31. Qh6 Rd4 32. Rhd1 e4 33. fxe4 dxe4 34. Nc1 Rxd2 35. Rxd2 Rxd2 36. Qxd2 Nd6 37. Qd5 Qc7 38. Qb3+ Ka8 39. Qc2 Qd7 40. Ne2 Qb5 41. Nc3 Qf1+ 42. Qd1 Qa6 43. Qd5+ Ka7 44. a4 f5 45. Nb5+ Nxb5 46. axb5 Qg6 47. Qd7+ Kb6 48. Kc2 f4 49. gxf4 e3+ 50. f5 Qg2+ 51. Kc3 e2 52. Qd6+ Kxb5 53. Qb8+ Ka6 54. Qd6+ Kb5 55. Qb8+ Ka6 56. Qd6+ Kb5 1/2-1/2

[Variant "Standard"]
[Site "Europe Echecs"]

[Event "Championnat du monde jeunes U10"]
[Date "2024.11.15"]
[White "Ilko-Toth, Andras"]
[Black "Tenuun, Tseesuren"]
[WhiteElo "2115"]
[BlackElo "1702"]
[Round "1.7"]
[Result "1-0"]
[TimeControl "5400+30"]

1. d4 d5 2. Nf3 Nf6 3. g3 c5 4. Bg2 Nc6 5. O-O Bf5 6. c4 e6 7. Nc3 Be7 8. cxd5 exd5 9. Bg5 O-O 10. Bxf6 Bxf6 11. dxc5 Bxc3 12. bxc3 Be4 13. Nd4 Bxg2 14. Kxg2 Qa5 15. Nb3 Qxc3 16. Qxd5 Rfe8 17. Qf3 Qc2 18. e3 Rab8 19. Kg1 Ne5 20. Qd5 Qf5 21. Nd4 Qf6 22. Rab1 Red8 23. Qe4 Rxd4 24. exd4 Nf3+ 25. Kg2 Nd2 26. Rxb7 Rd8 27. Qe7 Qxd4 28. Qxf7+ Kh8 29. Re1 h6 30. c6 Qc5 31. Qxg7# 1-0

[Variant "Standard"]
[Site "Europe Echecs"]

[Event "Championnat du monde jeunes U10"]
[Date "2024.11.15"]
[White "DAmato, Raffaele"]
[Black "Zhu, Linxi"]
[WhiteElo "1695"]
[BlackElo "2100"]
[Round "1.8"]
[Result "0-1"]
[TimeControl "5400+30"]

1. d4 Nf6 2. Nf3 e6 3. e3 c5 4. Nbd2 Nc6 5. c3 d5 6. Bd3 Be7 7. O-O O-O 8. Bc2 b6 9. e4 dxe4 10. Nxe4 Ba6 11. Re1 cxd4 12. cxd4 Bb7 13. b3 Nb4 14. Bb2 Nxc2 15. Nxf6+ Bxf6 16. Qxc2 Bxf3 17. gxf3 Bxd4 18. Bxd4 Qxd4 19. Rad1 Qf6 20. Qe2 Rac8 21. Kh1 Rc3 22. Rd3 Rfc8 23. Red1 g6 24. f4 Rxd3 25. Rxd3 Qxf4 26. Rf3 Rc1+ 27. Kg2 Qg4+ 28. Rg3 Qxe2 0-1

[Variant "Standard"]
[Site "Europe Echecs"]

[Event "Championnat du monde jeunes U10"]
[Date "2024.11.15"]
[White "Deepak Ambattu, Rithvik"]
[Black "Skouroupathis, Kyriakos"]
[WhiteElo "2063"]
[BlackElo "1695"]
[Round "1.9"]
[Result "1-0"]
[TimeControl "5400+30"]

1. e4 c6 2. Nc3 d5 3. Nf3 Bg4 4. h3 Bxf3 5. Qxf3 e6 6. Be2 Bc5 7. Qg3 Bd4 8. d3 Nd7 9. Be3 Be5 10. f4 Bf6 11. Qf2 Be7 12. O-O Nb6 13. Bd4 Nf6 14. e5 Nfd7 15. f5 Rf8 16. fxe6 fxe6 17. Qg3 g6 18. Be3 Qc7 19. d4 O-O-O 20. Qg4 Rxf1+ 21. Rxf1 Nf8 22. Rf7 Rd7 23. Bh6 Bb4 24. Rxf8+ Bxf8 25. Bxf8 Qd8 26. Bd6 Qe8 27. b3 Rf7 28. Na4 Nxa4 29. bxa4 Kd7 30. c4 h5 31. Qg3 Rg7 32. cxd5 exd5 33. Bxh5 Qg8 34. Bg4+ Kd8 35. e6 g5 36. Qe5 Rg6 37. Bc5 1-0

[Variant "Standard"]
[Site "Europe Echecs"]

[Event "Championnat du monde jeunes U10"]
[Date "2024.11.15"]
[White "Lenkov, Stanislav"]
[Black "Zhang, Junyi"]
[WhiteElo "1693"]
[BlackElo "2061"]
[Round "1.10"]
[Result "0-1"]
[TimeControl "5400+30"]

1. e4 c5 2. Nf3 e6 3. d4 cxd4 4. Nxd4 Nf6 5. Nc3 Nc6 6. Ndb5 Bc5 7. Bf4 O-O 8. Bc7 Qe7 9. Bd6 Bxd6 10. Qxd6 Qd8 11. O-O-O a6 12. Nd4 Ne7 13. h4 b5 14. a3 Ne8 15. Qh2 Bb7 16. g4 Rc8 17. f3 Nc6 18. g5 Qe7 19. Nxc6 Rxc6 20. Rd4 Bc8 21. Bg2 Nd6 22. f4 Rxc3 23. bxc3 Nc4 24. Qh3 Qxa3+ 25. Kd1 e5 26. Rxc4 bxc4 27. fxe5 d6 28.
Qg3 dxe5 29. Qxe5 Rd8+ 30. Ke1 Qc1+ 31.
Kf2 Qxc2+ 32. Kg3 Be6 33. Ra1 Qd3+ 34.
Kf2 Qd6 35. Qa5 Qf4+ 36. Kg1 Qe3+ 37.
Kh1 Rf8 38. Qe5 Qf2 39. Rxa6 Qxh4+ 40. Kg1 Qe1+ 41. Kh2 Rd8 42. Rd6 Re8 43. Ra6 Qh4+ 44. Kg1 Qg4 45. Rb6 Qd1+ 46. Kh2 Qd8 47. Rd6 Qb8 48. Qd4 Qc7 49. e5 Qe7 50. Bc6 Rb8 51. Qf4 Rb2+ 52. Kg3 Rb8 53. Bd5 Rd8 54. Bxc4 Bxc4 55. Rxd8+ Qxd8 56. Qxc4 Qxg5+ 57. Kf3 h5 58. Qc8+ Kh7 59. Qe8 Qf5+ 60. Kg3 Qd3+ 61. Kh4 Qf5 62. Kg3 Qd3+ 63. Kh4 Qf3 64. Qc8 Qf4+ 65. Kh3 Qxe5 66. c4 Qe3+ 67. Kg2 Qe4+ 68. Kg3 h4+ 69. Kh3 Qf4 70. Kg2 Qg3+ 71. Kh1 h3 72. Qf5+ Kh6 73. Qe4 Qg2+ 0-1

[Variant "Standard"]
[Site "Europe Echecs"]

[Event "Championnat du monde jeunes U10"]
[Date "2024.11.15"]
[White "Shangin, Lev"]
[Black "Lee, Yugeon"]
[WhiteElo "2056"]
[BlackElo "1690"]
[Round "1.11"]
[Result "1-0"]
[TimeControl "5400+30"]

1. d4 Nf6 2. c4 g6 3. Nc3 d5 4. cxd5 Nxd5 5. e4 Nxc3 6. bxc3 Bg7 7. Bc4 c5 8. Ne2 O-O 9. O-O cxd4 10. cxd4 Nc6 11. Be3 Qa5 12. Rc1 e6 13. Qc2 Rd8 14. Rfd1 b5 15. Bb3 Bb7 16. h4 Rac8 17. Qb2 Nb8 18. f3 b4 19. e5 Rxc1 20. Rxc1 Nc6 21. Rc5 Qb6 22. Qc1 Bf8 23. d5 Bxc5 24. Bxc5 Qb5 25. dxc6 Qxc6 26. Qe3 Ba6 27. Ng3 Rd3 28. Qf2 Rc3 29. Ne4 Rc1+ 30. Kh2 Rf1 31. Qe3 Kg7 32. Qh6+ Kxh6 33. Bf8+ Kh5 34. g4+ Kxh4 35. Be7+ g5 36. Bxg5# 1-0

[Variant "Standard"]
[Site "Europe Echecs"]

[Event "Championnat du monde jeunes U10"]
[Date "2024.11.15"]
[White "Kazimzade, Mahammad"]
[Black "Xia, Joshua"]
[WhiteElo "1687"]
[BlackElo "2052"]
[Round "1.12"]
[Result "0-1"]
[TimeControl "5400+30"]

1. d4 Nf6 2. c4 g6 3. Nc3 d5 4. Nf3 Bg7 5. g3 O-O 6. Bg2 c6 7. O-O dxc4 8. Qc2 Nd5 9. Rd1 Nxc3 10. Qxc3 b5 11. a4 Qb6 12. Bg5 Re8 13. axb5 cxb5 14. b3 cxb3 15. Qxb3 Bb7 16. Rab1 a6 17. d5 Nd7 18. Bh3 Nc5 19. Qb4 Bc8 20. Bg2 a5 21. Qxb5 Qxb5 22. Rxb5 Ne4 23. Bd2 Ba6 24. Rxa5 Bxe2 25. Rxa8 Rxa8 26. Re1 Bxf3 27. Rxe4 Bxe4 28. Bxe4 Bd4 29. Kf1 Ra2 30. Be1 Kg7 31. Bf3 Kf6 32. Bg2 Ke5 33. Bf3 Kd6 34. Bb4+ Bc5 35. Be1 Kc7 36. Bg2 Kb6 37. Bf3 Bd4 38. Be4 Kc5 39. Bf3 Kc4 40. Be4 Bc3 41. Bxc3 Kxc3 42. Kg2 f5 43. Bf3 Kd2 44. Kf1 Ra1+ 45. Kg2 Ke1 46. d6 exd6 47. Bd5 Rd1 48. Bg8 Rd2 49. Bxh7 g5 0-1

[Variant "Standard"]
[Site "Europe Echecs"]

[Event "Championnat du monde jeunes U10"]
[Date "2024.11.15"]
[White "Filipovs, Sergejs"]
[Black "Yao, Lucas Mason Pin Qian"]
[WhiteElo "2012"]
[BlackElo "1687"]
[Round "1.13"]
[Result "1-0"]
[TimeControl "5400+30"]

1. e4 d5 2. exd5 Qxd5 3. Nc3 Qa5 4. d4 Nf6 5. Nf3 Bf5 6. Bd3 Bxd3 7. Qxd3 Nc6 8. O-O O-O-O 9. Be3 h6 10. a3 e6 11. b4 Qf5 12. Qxf5 exf5 13. b5 Ne7 14. Ne5 Rg8 15. Nxf7 Re8 16. Rfe1 g5 17. Bd2 Ng6 18. Rxe8+ Nxe8 19. Re1 Kd7 20. Nd5 Bg7 21. Bb4 Nd6 22. Ne5+ Nxe5 23. dxe5 Nxb5 24. e6+ Ke8 25. c4 Nd4 26. Nxc7+ Kd8 27. Bd6 Re8 28. Nxe8 Kxe8 29. Rb1 b6 30. c5 Nxe6 31. cxb6 axb6 32. Rxb6 Bd4 33. Rb7 Kd8 34. Rf7 f4 35. Re7 Ng7 36. Re4 Bc3 37. Be5 Bxe5 38. Rxe5 Kd7 39. a4 Ne6 40. a5 Nc7 41. h4 gxh4 42. Rh5 Kc6 43. Rxh6+ Kb5 44. Rxh4 Kxa5 45. Rxf4 Kb5 46. g4 Kc5 47. Kg2 Kd5 48. Kg3 Ke5 49. Rf8 Ke6 50. f4 Ke7 51. Rh8 Nd5 52. g5 Ke6 53. Re8+ Kf7 54. Re5 Ne7 55. f5 Ng8 56. f6 Kg6 57. Kg4 Nxf6+ 58. gxf6 Kxf6 59. Kf4 Kg6 60. Re6+ Kg7 61. Kf5 Kf7 62. Re5 Kg7 63. Re7+ Kg8 64. Kf6 Kf8 65. Re6 Kg8 66. Re8+ Kh7 67. Rf8 Kh6 68. Rh8# 1-0

[Variant "Standard"]
[Site "Europe Echecs"]

[Event "Championnat du monde jeunes U10"]
[Date "2024.11.15"]
[White "Friscic, Jakov"]
[Black "Ten Dam, Bram"]
[WhiteElo "1685"]
[BlackElo "2012"]
[Round "1.14"]
[Result "0-1"]
[TimeControl "5400+30"]

1. d4 d5 2. c4 c6 3. cxd5 cxd5 4. Nc3 Nc6 5. Bf4 e5 6. dxe5 d4 7. Nb1 Bf5 8. a3 Qb6 9. b3 O-O-O 10. Nd2 Be6 11. Ngf3 Nge7 12. e4 d3 13. Qb1 Ng6 14. Bg5 Bc5 15. Bxd8 Bxf2+ 16. Kd1 Rxd8 17. Nc4 Bxc4 18. bxc4 Qc7 19. Ra2 Be3 20. Rb2 Ngxe5 21. Nxe5 Nxe5 22. g3 Nxc4 23. Rb4 Nxa3 24. Bh3+ Kb8 25. Qb2 Qc2+ 26. Qxc2 dxc2+ 27. Ke2 Rd2+ 28. Kxe3 Rd1 29. Rxd1 cxd1=Q 0-1

[Variant "Standard"]
[Site "Europe Echecs"]

[Event "Championnat du monde jeunes U10"]
[Date "2024.11.15"]
[White "Bolashakov, Nurali"]
[Black "Makhsatuly, Rakhim"]
[WhiteElo "2005"]
[BlackElo "1683"]
[Round "1.15"]
[Result "1-0"]
[TimeControl "5400+30"]

1. e4 c5 2. Nf3 Nc6 3. d4 cxd4 4. Nxd4 Nf6 5. Nc3 d6 6. Bg5 Bd7 7. Qd3 e6 8. O-O-O a6 9. h4 h6 10. Bd2 Qb6 11. Nxc6 Bxc6 12. Be3 Qc7 13. f3 O-O-O 14. Qd2 d5 15. e5 Nh5 16. Ne2 Qxe5 17. Bb6 Rd7 18. Nd4 Qd6 19. Qc3 Ng3 20. Nxc6 Qxc6 21. Qxc6+ bxc6 22. Bxa6+ Kb8 23. Rh3 Bd6 24. a4 Nh5 25. Rhh1 e5 26. Rhe1 Nf4 27. g3 Ne6 28. a5 Nc5 29. Bf1 Na4 30. Bf2 Bb4 31. Rxe5 Bxa5 32. b3 Nc3 33. Rd3 Bc7 34. Re1 Ba5 35. Kb2 Nb5 36. Red1 Nd6 37. Bd4 Nf5 38. Bh3 Nxd4 39. Bxd7 Ne2 40. Re3 Kc7 41. Rxe2 Kxd7 42. c3 Bc7 43. f4 Rb8 44. Ra1 h5 45. Kc2 g6 46. b4 Bb6 47. Rae1 Kd6 48. c4 Bd8 49. Re8 Kd7 50. Kb3 dxc4+ 51. Kxc4 Ra8 52. Rf8 f6 53. Rf7+ Kd6 54. Re8 Rb8 55. Rxf6+ Kd7 56. Rff8 Rc8 57. Rh8 Ra8 58. Reg8 Kc7 59. Rg7+ 1-0

[Variant "Standard"]
[Site "Europe Echecs"]

[Event "Championnat du monde jeunes U10"]
[Date "2024.11.15"]
[White "Aghoyan, Gevorg"]
[Black "Ivanovic, Leonid"]
[WhiteElo "1682"]
[BlackElo "1990"]
[Round "1.16"]
[Result "0-1"]
[TimeControl "5400+30"]

1. e4 c5 2. Nf3 d6 3. d4 cxd4 4. Qxd4 Nc6 5. Bb5 a6 6. Bxc6+ bxc6 7. c4 e5 8. Qd3 Qc7 9. Nc3 Be7 10. O-O h6 11. b4 Nf6 12. b5 axb5 13. cxb5 O-O 14. Be3 cxb5 15. Nxb5 Qc6 16. Nd2 d5 17. exd5 Qxd5 18. Qxd5 Nxd5 19. Nc4 Ra4 20. Rfc1 Ba6 21. Ncd6 Nxe3 22. fxe3 Rb8 23. Nc3 Ra3 24. Nf5 Bf8 25. Ng3 Rb2 26. Nge4 Bb7 27. Nf2 Bb4 28. Ncd1 Re2 29. h4 Bd2 30. Rc2 Re1+ 31. Kh2 Bxe3 32. Rb1 Bf4+ 33. g3 Bxg3+ 34. Kh3 Bxf2+ 35. Kg4 Ra4+ 36. Kf5 g6+ 37.
Kf6 Bxh4# 0-1

[Variant "Standard"]
[Site "Europe Echecs"]

[Event "Championnat du monde jeunes U10"]
[Date "2024.11.15"]
[White "Chen, Chicheng Leon"]
[Black "Megagiannis, Maximos"]
[WhiteElo "1987"]
[BlackElo "1682"]
[Round "1.17"]
[Result "1-0"]
[TimeControl "5400+30"]

1. e4 c5 2. Nf3 e6 3. d4 cxd4 4. Nxd4 Nc6 5. Nc3 Qc7 6. Be3 a6 7. Qd2 Nf6 8. f4 Bb4 9. Bd3 b5 10. a3 Be7 11. Nxc6 dxc6 12. h3 c5 13. e5 b4 14. exf6 bxc3 15. Qxc3 Bxf6 16. Qxc5 Qxc5 17. Bxc5 Rb8 18. Rb1 Bxb2 19. Kd2 Rb7 20. c3 Bd7 21. Bb4 Bc6 22. Bxa6 Rd7+ 23. Ke3 Bxg2 24. Rh2 1-0

[Variant "Standard"]
[Site "Europe Echecs"]

[Event "Championnat du monde jeunes U10"]
[Date "2024.11.15"]
[White "Della Penna, Leonardo"]
[Black "Advik Amit Agrawal"]
[WhiteElo "1675"]
[BlackElo "1982"]
[Round "1.18"]
[Result "0-1"]
[TimeControl "5400+30"]

1. e4 e6 2. d4 d5 3. Nc3 dxe4 4. Nxe4 Nd7 5. Nf3 Ngf6 6. Nxf6+ Nxf6 7. c3 Be7 8. Bd3 O-O 9. O-O b6 10. h3 Bb7 11. Qe2 c5 12. Rd1 Qc7 13. Bg5 Rac8 14. Bh4 c4 15. Bc2 Bd5 16. Bg3 Qb7 17. Re1 b5 18. a4 b4 19. Bh4 Rfe8 20. Bxf6 Bxf6 21. Be4 a5 22. Bxd5 Qxd5 23. Qe4 Qxe4 24. Rxe4 Be7 25. Rae1 Kf8 26. Ne5 Bd6 27. Nd7+ Ke7 28. Nb6 Rc6 29. Nd5+ Kd7 30. R4e2 Rb8 31. Ne3 bxc3 32. bxc3 Rb3 33. Ng4 f6 34. Kh1 h5 35. Ne3 Rxc3 36. d5 exd5 37. Nxd5 Rd3 38. Ne7 Rc5 39. Ng6 c3 40. Rc1 c2 41. Ree1 Rd2 42. Kg1 Rc4 0-1

[Variant "Standard"]
[Site "Europe Echecs"]

[Event "Championnat du monde jeunes U10"]
[Date "2024.11.15"]
[White "Anand, Tsogtbileg"]
[Black "Golya, David"]
[WhiteElo "1974"]
[BlackElo "1672"]
[Round "1.19"]
[Result "1-0"]
[TimeControl "5400+30"]

1. e4 c5 2. Nf3 Nc6 3. d4 cxd4 4. Nxd4 e5 5. Nb5 d6 6. N1c3 a6 7. Na3 Be7 8. Nd5 Nf6 9. Nxf6+ Bxf6 10. Bc4 O-O 11. O-O Be7 12. c3 Be6 13. Bd5 Rc8 14. Bxe6 fxe6 15. Qb3 Qd7 16. Nc4 Rce8 17. Nb6 Qd8 18. Qxe6+ Rf7 19. Nd5 Bh4 20. Qg4 Ref8 21. Be3 Bf6 22. Rfd1 Ne7 23. Nb6 Ng6 24. Qe6 Be7 25. Nd5 Kh8 26. Nxe7 Qxe7 27. Qxe7 Rxe7 28. Rxd6 Ree8 29. Rd7 Re7 30. Rxe7 Nxe7 31. Bc5 Re8 32. Rd1 h6 33. Rd7 Ng6 34. g3 b5 35. Rd6 1-0

[Variant "Standard"]
[Site "Europe Echecs"]

[Event "Championnat du monde jeunes U10"]
[Date "2024.11.15"]
[White "Iliev, Stoyan"]
[Black "Ling, Chenxuan"]
[WhiteElo "1671"]
[BlackElo "1967"]
[Round "1.20"]
[Result "0-1"]
[TimeControl "5400+30"]

1. e4 e6 2. d4 d5 3. e5 c5 4. c3 Nc6 5. Nf3 Bd7 6. Bd3 Qb6 7. Bc2 cxd4 8. cxd4 Rc8 9. Nc3 Nb4 10. O-O Nxc2 11. Qxc2 Ne7 12. Rd1 Nf5 13. g4 Ne7 14. Ng5 h5 15. h3 hxg4 16. hxg4 Nc6 17. Qd3 Be7 18. Nf3 Bb4 19. Bd2 Na5 20. b3 Bxc3 21. Bxc3 Nc6 22. Kg2 Ne7 23. Rh1 Rxh1 24. Rxh1 Ng6 25. Kg3 Bb5 26. Qe3 Qc7 27. Bb4 a5 28. Bd6 Qc3 29. Ng5 Qb2 30. f3 Rc3 31. Qe1 Rc2 32. Qg1 Re2 33. Qc1 Rg2+ 34. Kh3 Rc2 35. Qg1 Rc8 0-1

[Variant "Standard"]
[Site "Europe Echecs"]

[Event "Championnat du monde jeunes U10"]
[Date "2024.11.15"]
[White "Chakhalov, Mikael"]
[Black "Barsov, Mikhail"]
[WhiteElo "1962"]
[BlackElo "1668"]
[Round "1.21"]
[Result "1-0"]
[TimeControl "5400+30"]

1. c4 e5 2. g3 Nf6 3. Bg2 d5 4. cxd5 Nxd5 5. Nc3 Nb6 6. Nf3 Nc6 7. a3 a5 8. d3 Be7 9. O-O O-O 10. Be3 Be6 11. Ne4 Nd5 12. Bc5 h6 13. Rc1 f5 14. Bxe7 Qxe7 15. Nc5 b6 16. Nxe6 Qxe6 17. Qb3 e4 18. dxe4 fxe4 19. Nd2 Nd4 20. Qc4 c5 21. Bxe4 Rad8 22. e3 b5 23. Qd3 Nf5 24. Bxf5 Qxf5 25. Qxf5 Rxf5 26. e4 Nf4 27. gxf4 Rxf4 28. Rfd1 c4 29. a4 bxa4 30. Rxc4 a3 31. bxa3 Rg4+ 32. Kf1 Rh4 33. Ke2 Rxh2 34. Nf1 Rxf2+ 35. Kxf2 Rxd1 36. Ra4 Rd7 37. Rxa5 g6 38. Ne3 Rf7+ 39. Kg3 Re7 40. Nd5 Re6 41. Kf3 g5 42. Ne3 Rf6+ 43. Nf5 h5 44. Kg3 Re6 45. Ra4 Kf7 46. Rb4 Ra6 47. a4 Kf6 48. Kf3 Ke5 49. Rb5+ Kf6 50. a5 Kf7 51. e5 Re6 52. Nd6+ Ke7 53. a6 g4+ 54. Kg3 Kd7 55. a7 Rh6 56. a8=Q h4+ 57. Kxg4 h3 58. Qe8+ Kc7 59. Rb7# 1-0

[Variant "Standard"]
[Site "Europe Echecs"]

[Event "Championnat du monde jeunes U10"]
[Date "2024.11.15"]
[White "Bartash, Saveli"]
[Black "Zhauynbay, Alimzhan"]
[WhiteElo "1661"]
[BlackElo "1953"]
[Round "1.22"]
[Result "0-1"]
[TimeControl "5400+30"]

1. e4 c5 2. Nf3 d6 3. d4 cxd4 4. Nxd4 Nf6 5. Bd3 g6 6. O-O Bg7 7. c4 O-O 8. Nc3 Nbd7 9. Nb3 Ne5 10. Be2 Bd7 11. f4 Nc6 12. Be3 b6 13. Rc1 Rc8 14. Bf3 Ne8 15. Qe2 Nc7 16. Rfd1 Ne6 17. g4 g5 18. fxg5 Ne5 19. Nd5 Nxf3+ 20. Qxf3 Bxb2 21. Rc2 Be5 22. h4 Ba4 23. Rdc1 f6 24. gxf6 Bxf6 25. g5 Be5 26. Qg4 Bd7 27. g6 Nf4 28. Qd1 Nxg6 29. Bg5 Kh8 30. h5 Nf4 31. Nxf4 Bxf4 32. Bxf4 Rxf4 33. Rg2 Rxe4 34.
Qf3 Re5 35. Qg3 Qg8 36. Qc3 Qf7 37. Nd4 Rf8 38. h6 Qf4 39. Rcc2 Qf1+ 40. Kh2 Rh5+ 41. Kg3 Rg8# 0-1

[Variant "Standard"]
[Site "Europe Echecs"]

[Event "Championnat du monde jeunes U10"]
[Date "2024.11.15"]
[White "Fuentes de Nova, Sebastian"]
[Black "Tugsbilguun, Davganamdag"]
[WhiteElo "1929"]
[BlackElo "1660"]
[Round "1.23"]
[Result "1-0"]
[TimeControl "5400+30"]

1. d4 e6 2. e4 d5 3. Nc3 Nf6 4. Bg5 h6 5. Bxf6 Qxf6 6. exd5 Bb4 7. dxe6 Bxe6 8. Nf3 c5 9. Qd2 Nc6 10. dxc5 O-O 11. Bd3 Bd5 12. O-O-O Bxa2 13. Rhe1 Rad8 14. Qe3 Bxc3 15. bxc3 Bd5 16. Kb1 Kh8 17. Bb5 b6 18. c4 Bxf3 19. Qxf3 Qxf3 20. gxf3 Nd4 21. c6 a6 22. c7 Rc8 23. Bxa6 Rxc7 24. Rxd4 Kh7 25. Bb5 Ra8 26. Rd7 Rc5 27. Rxf7 Rg5 28. f4 Rg4 29. Bd7 Rg2 30. Bc6 1-0

[Variant "Standard"]
[Site "Europe Echecs"]

[Event "Championnat du monde jeunes U10"]
[Date "2024.11.15"]
[White "Popov, Aleksandr And"]
[Black "Andre, Tomas"]
[WhiteElo "1651"]
[BlackElo "1928"]
[Round "1.24"]
[Result "0-1"]
[TimeControl "5400+30"]

1. e4 c5 2. c3 Nf6 3. e5 Nd5 4. Bc4 Nb6 5. Bb3 c4 6. Bc2 d6 7. exd6 Qxd6 8. Nf3 Nc6 9. O-O Bg4 10. b3 Ne5 11. Be4 f5 12. Bxb7 Rb8 13. Nxe5 Qxe5 14. Bf3 Bxf3 15. Qxf3 e6 16. Qc6+ Kf7 17. bxc4 Bd6 18. f4 Bc5+ 19. Kh1 Qe2 20. Qf3 Qxc4 21. d4 Bd6 22. Nd2 Qc7 23. Nb3 Rhc8 24. Bd2 Nd5 25. Rac1 Ba3 26. Rce1 g6 27. Qe2 Rb6 28. Rf3 Qc4 29. Qxc4 Rxc4 30. Na5 Ra4 31. c4 Bb4 32. c5 Bxd2 33. cxb6 axb6 34. Rd1 Bxa5 35. Rh3 h5 36. Rf3 Rxa2 37. g3 Bc3 38. Rdd3 Rc2 39. Rf1 b5 40. Rb1 b4 41. Rb3 Ke7 42. Rd1 Kd6 43. Rdb1 Bxd4 44. Rxb4 Nxb4 45. Rxb4 Be3 46. Rb3 Bd4 47. Rb1 h4 48. gxh4 Be3 49. Rd1+ Kc5 50. Re1 Rc1 51. Rxc1+ Bxc1 52. Kg2 Bxf4 53. h3 e5 54. Kf3 Kd4 55. h5 gxh5 56. h4 Kd3 57. Kg2 e4 58. Kf2 e3+ 59. Ke1 Bg3+ 60. Kf1 e2+ 61. Kg2 e1=Q 62. Kh3 f4 63. Kg2 f3+ 64. Kxf3 Qf2# 0-1

[Variant "Standard"]
[Site "Europe Echecs"]

[Event "Championnat du monde jeunes U10"]
[Date "2024.11.15"]
[White "Larion, Iustin"]
[Black "Grimm, Jakob"]
[WhiteElo "1925"]
[BlackElo "1646"]
[Round "1.25"]
[Result "1-0"]
[TimeControl "5400+30"]

1. d4 d5 2. c4 e6 3. Nf3 Nf6 4. Nc3 Be7 5. Bg5 O-O 6. e3 b6 7. cxd5 exd5 8. Bd3 Bb7 9. O-O Ne4 10. Bxe7 Qxe7 11. Qc2 Nd7 12. Ne2 Ndf6 13. Ng3 Rac8 14. Qe2 c5 15. dxc5 bxc5 16. Rac1 c4 17. Bxe4 Nxe4 18. Nxe4 Qxe4 19. Rfd1 Rfd8 20. Rd4 Qg6 21. h3 Re8 22. Qd2 Re4 23. Qb4 Bc6 24. b3 cxb3 25. Rxe4 dxe4 26. Ne5 Qe6 27. Nxc6 bxa2 28. Ne7+ Kh8 29. Nxc8 Qe8 30. Qe7 Qg8 31. Nd6 a1=R 32. Rxa1 a5 33. Nxf7+ Qxf7 34. Qxf7 1-0

[Variant "Standard"]
[Site "Europe Echecs"]

[Event "Championnat du monde jeunes U10"]
[Date "2024.11.15"]
[White "Gomez Silva, Maximiliano"]
[Black "Ejsymont, Eryk"]
[WhiteElo "1643"]
[BlackElo "1910"]
[Round "1.26"]
[Result "0-1"]
[TimeControl "5400+30"]

1. d4 Nf6 2. Nf3 d5 3. g3 e6 4. Bg2 Be7 5. O-O O-O 6. c4 dxc4 7. Qc2 a6 8. a4 Nbd7 9. Qxc4 b5 10. Qc6 Rb8 11. Bf4 Nd5 12. Be5 Nc5 13. dxc5 Bb7 14. Nd4 Bxc6 15. Nxc6 Qd7 16. Nxb8 Rxb8 17. Rd1 Qe8 18. axb5 Qxb5 19. Na3 Qxe2 20. Re1 Qd3 21. Rad1 Qf5 22. Bxd5 exd5 23. Rxd5 Qf3 24. Red1 Re8 25. R1d3 Qe4 26. c6 Bc5 27. Rd2 Rxe5 28. Rxc5 Qe1+ 29. Kg2 Qxd2 30. Rxe5 Kf8 31. Nc4 Qd4 32. b3 f6 33. Ra5 Qe4+ 34. Kf1 Qb1+ 35. Kg2 Qxb3 36. Rc5 Qb4 37. Rd5 Qxc4 38. Rd8+ Ke7 39. Rd7+ Ke6 40. Rxc7 Kd6 41. Rc8 a5 42. Rd8+ Kxc6 43. Rc8+ Kb5 0-1

[Variant "Standard"]
[Site "Europe Echecs"]